 Dungeon Crawl Stone Soup version 0.28-a0-479-g5baa6b73be (webtiles) character file.

Game seed: 1329027948400085300

1246 Spaninq the Cleaver (level 8, -2/71 HPs)
             Began as a Hill Orc Cinder Acolyte on Sept 19, 2021.
             Was a High Priest of Ignis.
             Succumbed to Edmund's curare-tipped dart
             ... on level 5 of the Dungeon.
             The game lasted 00:18:40 (6443 turns).

Spaninq the Cleaver (Hill Orc Cinder Acolyte)       Turns: 6443, Time: 00:18:40

Health: -2/71      AC: 17    Str: 17    XL:     8   Next: 50%
Magic:  3/11       EV:  7    Int: 14    God:    Ignis [*****.]
Gold:   180        SH:  0    Dex:  8    Spells: 8/11 levels left

rFire   + . .      SeeInvis .   a - -1 hand axe (flame)
rCold   . . .      Faith    .   (no shield)
rNeg    . . .      Spirit   .   q - +0 chain mail
rPois   .          Reflect  .   s - +2 hat
rElec   .          Harm     .   f - +1 cloak
rCorr   .          Rampage  .   (no gloves)
Will    +....                   (no boots)
Stlth   ..........              (no amulet)
HPRegen 0.21/turn               d - +4 ring of protection
MPRegen 0.12/turn               l - ring of willpower

@: mighty, lethally poisoned (-2 -> -18), hasted and slowed
A: no striking features
a: Renounce Religion, Sea of Fire, Foxfire Swarm, Rising Flame


You were on level 5 of the Dungeon.
You worshipped Ignis.
Ignis was extremely pleased with you.
You visited 1 branch of the dungeon, and saw 5 of its levels.
You also visited: Sewer.

You collected 180 gold pieces.

Inventory:

Hand Weapons
 a - a -1 hand axe of flaming (weapon)
 r - a +0 hand axe
Armour
 f - a +1 cloak (worn)
 q - a +0 chain mail (worn)
 s - a +2 hat (worn)
Magical Staves
 n - a staff of fire
Jewellery
 d - a +4 ring of protection (left hand)
 e - a ring of ice
 l - a ring of willpower (right hand)
Wands
 c - a wand of flame (24)
 h - a wand of iceblast (5)
 k - a wand of paralysis (11)
Scrolls
 g - a scroll of noise {unknown}
 p - a scroll of identify
 x - a scroll of magic mapping {unknown}
Potions
 b - a potion of resistance
 j - 2 potions of flight
 m - a potion of lignification {unknown}
 t - a potion of haste
 u - a potion of brilliance {unknown}
 w - 2 potions of attraction {unknown}


   Skills:
 + Level 6.4 Fighting
 * Level 8.9 Axes
 + Level 4.1 Armour
 - Level 2.0 Spellcasting
 + Level 5.9 Fire Magic


You had 8 spell levels left.
You knew the following spells:

 Your Spells              Type           Power      Damage    Failure   Level
a - Scorch                Fire           36%        2d7       41%         2
b - Apportation           Tloc           2%         N/A       97%         1

Your spell library contained the following spells:

 Spells                   Type           Power      Damage    Failure   Level
 Beastly Appendage        Tmut           2%         N/A       97%         1
 Ensorcelled Hibernation  Hex/Ice        2%         N/A       99%         2
 Wereblood                Tmut           1%         N/A       99%         2
 Spider Form              Tmut/Pois      0%         N/A       100%        3
 Tukima's Dance           Hex            1%         N/A       100%        3
 Alistair's Intoxication  Tmut/Pois      0%         N/A       100%        5
 Invisibility             Hex            0%         N/A       100%        6


Dungeon Overview and Level Annotations

Branches:
Dungeon (5/15)              Sewer (visited)
 Temple: D:4-7

Altars:
Makhleb
Trog
Yredelemnul
Zin

Annotations:
D:5 Edmund, Eustachio


Message History

You feel very sick. The hound bites you but does no damage.
It was a potion of haste.
You feel yourself speed up.
You feel very sick. The hound bites you but does no damage.
The hound barely misses you.
Your chain mail prevents you from hitting the hound.
The hound is moderately wounded.
You feel sick. The hound closely misses you.
Casting: Scorch (dangerous; 41% risk of failure)
Confirm with . or Enter, or press ? or * to list all spells.
You miscast Scorch.
You are very lightly contaminated with residual magic.
Nothing appears to happen.
You feel sick. The hound bites you but does no damage.
The hound barely misses you.
Casting: Scorch (dangerous; 41% risk of failure)
Confirm with . or Enter, or press ? or * to list all spells.
You miscast Scorch.
Nothing appears to happen.
You feel sick. The hound completely misses you.
You closely miss the hound.
The hound is moderately wounded.
The hound bites you but does no damage.
You feel sick. The hound bites you but does no damage.
You feel sick.
You feel sick.
You are no longer poisoned.
The hound barely misses you. The hound bites you.
* * * LOW HITPOINT WARNING * * *
The hound barely misses you. The hound bites you but does no damage.
The hound stops to sniff the ground. x2
The hound bites you but does no damage. The hound bites you but does no damage.
Edmund throws a curare-tipped dart.
The curare-tipped dart hits you.
You are lethally poisoned!
You have difficulty breathing.
* * * LOW HITPOINT WARNING * * *
You feel as though you will be slow longer.
Your magical contamination has completely faded away.
You die...

#..## # .....(........# ....#
.#...............#
....#######..... #.#........###
................##............#
#.######.?...##....#..........#
#.# #.#####...# #..>......##
#.# ###.......#.####..###.###
..# ##....######.##........#
.####..?.#######@#......####
......#.## #........##.###
...####.# #....h...##.).#
#....#..# #........####.#
..##...#######@).#### #.#
##.....##........# #.#
...............### ...
................# ...
................# .....


You could see Edmund and a hound.

Vanquished Creatures
  4 necrophages (D:4)
  An ogre (D:4)
  A kobold brigand (Sewer)
  A scorpion (D:5)
  3 wights (D:4)
  A human zombie (D:4)
  A centaur zombie (D:4)
  3 hounds
  2 centaur skeletons (D:5)
  A jelly (D:4)
  Ijyb (D:3)
  An iguana (D:4)
  Natasha (thrice) (D:4)
  A hound zombie (D:4)
  A mummy (D:4)
  Robin (D:4)
  2 river rats
  3 adders
  An adder zombie (D:4)
  An adder skeleton (D:4)
  2 dart slugs
  6 orcs
  5 ball pythons
  9 endoplasms
  10 giant cockroaches
  14 goblins
  9 hobgoblins
  3 jackals
  12 kobolds
  4 quokkas
  5 bats
  3 frilled lizards
  15 rats
130 creatures vanquished.

Vanquished Creatures (others)
  A wizard (D:3)
1 creature vanquished.

Grand Total: 131 creatures vanquished

Notes
Turn   | Place    | Note
-------+----------+-------------------------------------------
     0 | D:1      | Spaninq the Hill Orc Cinder Acolyte began the quest for the
                  | Orb.
     0 | D:1      | Reached XP level 1. HP: 19/19 MP: 2/2
   194 | D:1      | Reached XP level 2. HP: 23/27 MP: 3/3
   251 | D:1      | Learned a level 2 spell: Scorch
   356 | D:1      | Learned a level 1 spell: Apportation
   606 | D:1      | Reached XP level 3. HP: 33/33 MP: 2/5
   920 | D:1      | Found a faded altar of an unknown god.
  2112 | D:2      | Reached XP level 4. HP: 40/40 MP: 3/6
  2577 | D:3      | Noticed Ijyb
  2588 | D:3      | Paralysed by Ijyb for 5 turns
  2596 | D:3      | Paralysed by Ijyb for 5 turns
  2604 | D:3      | Killed Ijyb
  2766 | D:3      | Reached skill level 5 in Axes
  2968 | D:3      | Found a bloodstained altar of Trog.
  2978 | D:3      | Noticed a wizard
  2981 | D:3      | Killed a wizard
  3047 | D:3      | Reached XP level 5. HP: 47/47 MP: 3/8
  3423 | D:3      | Found a burning altar of Makhleb.
  3426 | D:3      | Noticed a blizzard demon
  3428 | D:3      | Found a glowing silver altar of Zin.
  3428 | D:3      | Noticed an angel
  3539 | D:4      | Reached skill level 1 in Armour
  3592 | D:4      | Noticed an ogre
  3635 | D:4      | Found a glowing drain.
  3645 | Sewer    | Entered a sewer
  3774 | Sewer    | Noticed a kobold brigand
  3782 | Sewer    | Killed a kobold brigand
  3783 | Sewer    | Reached skill level 6 in Axes
  3783 | Sewer    | Reached XP level 6. HP: 51/55 MP: 4/9
  3873 | Sewer    | Found a white marble altar of Elyvilon.
  3949 | D:4      | Reached skill level 5 in Fighting
  4356 | D:4      | Noticed Natasha
  4400 | D:4      | Killed Natasha
  4685 | D:4      | Reached XP level 7. HP: 61/61 MP: 10/10
  4699 | D:4      | Noticed Robin
  4727 | D:4      | Killed Robin
  5042 | D:4      | Reached skill level 7 in Axes
  5042 | D:4      | Reached skill level 5 in Fire Magic
  5570 | D:4      | Reached XP level 8. HP: 70/70 MP: 11/11
  5583 | D:4      | Reached skill level 8 in Axes
  5585 | D:4      | Found a basalt altar of Yredelemnul.
  5813 | D:5      | Entered Level 5 of the Dungeon
  5820 | D:5      | Noticed Eustachio
  5821 | D:5      | Noticed Edmund
  5851 | D:4      | Noticed Natasha
  5859 | D:4      | Killed Natasha
  6028 | D:4      | Noticed Natasha
  6035 | D:4      | Killed Natasha
  6442 | D:5      | HP: 1/71 [asphyx]
  6443 | D:5      | Succumbed to Edmund's curare-tipped dart

Illustrated notes

Levels and vault maps discovered:
D:1:      grunt_arrival_crossed_arrows, layout_loops_ring,
          hellmonk_ecumenical_altar_inner_sanctum, minmay_worlds_worst_comb
D:2:      layout_loops_ring
D:3:      layout_loops_ring, grunt_temple_overflow_order_and_chaos_2,
          trog_wizard, minivault_24, minmay_misc_feat_plants, uniq_ijyb
D:4:      layout_loops_ring, lemuel_mausoleum_altar_yredelemnul,
          portal_sewer_entry_b, bh_walls_and_bars, uniq_natasha, uniq_robin
D:5:      layout_rooms, lemuel_doored_altar, general_overflow_altar,
          serial_shops, nicolae_shop_stone, uniq_edmund, uniq_eustachio

Skill      XL: |  1  2  3  4  5  6  7  8 |
---------------+-------------------------+-----
Fighting       | 4 5 6 |  6.4
Spellcasting   | 2 |  2.0
Fire Magic     | 4 5 |  5.9
Axes           | 5 6 7 8 |  8.9
Armour         | 1 2 3 4 |  4.1

Action                   |  1- 3 |  4- 6 |  7- 9 || total
-------------------------+-------+-------+-------++-------
Melee: Hand axe          |    42 |   110 |   157 ||   309
 Cast: Scorch            |    41 |    39 |    25 ||   105
  Use: Scroll            |       |     4 |       ||     4
       Potion            |       |     6 |     6 ||    12
Armor: Robe              |    11 |       |       ||    11
       Leather armour    |       |    10 |       ||    10
       Ring mail         |       |    30 |       ||    30
       Chain mail        |       |    55 |   131 ||   186
Dodge: Dodged            |    26 |    70 |    66 ||   162

Table legend: (Time is in decaauts)
 A = Elapsed time spent in this place.
 B = Non-inter-level travel time spent in this place.
 C = Inter-level travel time spent in this place.
 D = Time resting spent in this place.
 E = Time spent auto-exploring this place.
 F = Levels seen in this place.
 G = Mean time per level.
                   A        B        C        D        E       F      G
               +--------+--------+--------+--------+--------+-----+--------+
         Total |   6476 |   6296 |    180 |   1335 |   3462 |   6 | 1079.3 |
       Dungeon |   6164 |   5984 |    180 |   1207 |   3363 |   5 | 1232.8 |
         Sewer |    311 |    311 |      0 |    128 |     99 |   1 |  311.0 |
               +--------+--------+--------+--------+--------+-----+--------+

Top non-repeatable levels by time:
     D:4: 2054 daAuts
     D:3: 1318 daAuts
     D:2: 1203 daAuts
     D:1: 1163 daAuts
     D:5: 425 daAuts
   Sewer: 311 daAuts
